 Dungeon Crawl Stone Soup version 0.28.0-56-g4927b6849a (webtiles) character file.

Game seed: 7756723427337530072

15320 cbfl8 the Protected (level 12, -4/84 HPs)
             Began as a Demonspawn Gladiator on Jan 27, 2023.
             Was an Elder of Hepliaklqana.
             Slain by a cane toad (14 damage)
             ... on level 1 of the Lair of Beasts.
             The game lasted 00:31:31 (17902 turns).

cbfl8 the Protected (Demonspawn Gladiator)         Turns: 17902, Time: 00:31:32

Health: -4/84      AC: 12    Str: 14 (17) XL:     12   Next: 0%
Magic:  12/12      EV:  8    Int:  9 (11) God:    Hepliaklqana [****..]
Gold:   658        SH:  0    Dex: 15 (16) Spells: 11/11 levels left

rFire   . . .      SeeInvis .   s - +3 spear of the Destroying Pariah {drain, Fly}
rCold   . . .      Faith    .   (no shield)
rNeg    . . .      Spirit   .   z - +0 chain mail of Sacior {rPois}
rPois   +          Reflect  .   v - +2 helmet
rElec   .          Harm     .   (no cloak)
rCorr   .          Rampage  .   (no gloves)
Will    .....                   D - +0 pair of boots
Stlth   ..........              (no amulet)
HPRegen 0.24/turn               l - ring of flight
MPRegen 0.13/turn               (no ring)

@: brilliant, attractive, flying
A: reduced essence, hooves 2, demonic guardian 3, ignite blood 1, big brain 1,
deformed body, weak 1
a: Renounce Religion, Recall Ancestor, Ancestor Identity, Transference, Idealise


You were on level 1 of the Lair of Beasts.
You worshipped Hepliaklqana.
Hepliaklqana was greatly pleased with you.
You visited 3 branches of the dungeon, and saw 14 of its levels.

You collected 658 gold pieces.

Inventory:

Hand Weapons
 s - the +3 spear of the Destroying Pariah (weapon) {drain, Fly}
   (You found it on level 4 of the Dungeon)

   A truly terrible weapon, it drains the life of any living foe it strikes.
   Fly:       It grants you flight.
 K - a +2 trident of protection
Missiles
 d - 5 throwing nets
Armour
 v - a +2 helmet (worn)
 z - the +0 chain mail of Sacior (worn) {rPois}
   (You found it on level 7 of the Dungeon)

   rPois:     It protects you from poison.
 D - a +0 pair of boots (worn)
 G - a +3 troll leather armour {Snorg}
 I - a +2 hat
Jewellery
 l - a ring of flight (left hand)
 J - an amulet of reflection
 M - a ring of protection from cold
Wands
 b - a wand of mindburst (4)
 c - a wand of paralysis (2)
 t - a wand of flame (22)
 x - a wand of iceblast (13)
 F - a wand of acid (6) (quivered)
Scrolls
 a - a scroll of enchant weapon {unknown}
 e - 2 scrolls of magic mapping
 f - 3 scrolls of enchant armour
 h - a scroll of summoning
 m - a scroll of immolation
 n - 2 scrolls of fog
 r - 4 scrolls of teleportation
 w - a scroll of amnesia
 y - a scroll of identify
 E - a scroll of silence
 H - a scroll of fear {unknown}
 O - a scroll of blinking {unknown}
Potions
 g - 4 potions of attraction
 i - 2 potions of berserk rage
 j - a potion of haste
 k - a potion of lignification
 o - a potion of flight {unknown}
 p - a potion of mutation
 q - 2 potions of degeneration
 u - 2 potions of brilliance
 A - a potion of ambrosia {unknown}
 B - a potion of curing
 L - a potion of heal wounds
Miscellaneous
 C - a box of beasts
 N - a condenser vane


   Skills:
 * Level 8.3 Fighting
 * Level 5.4(8.1) Axes
 + Level 9.3(10.0) Polearms
 - Level 2.0 Throwing
 + Level 9.7 Armour
 + Level 4.3 Dodging
 + Level 2.3 Stealth
 * Level 7.7 Evocations


You had 11 spell levels left.
You didn't know any spells.
Your spell library contained the following spells:

 Spells                   Type           Power      Damage    Failure   Level
 Slow                     Hex            0%         N/A       99%         1
 Confusing Touch          Hex            0%         N/A       100%        3
 Gell's Gravitas          Tloc           0%         N/A       100%        3
 Teleport Other           Tloc           0%         N/A       100%        3
 Vampiric Draining        Necr           0%         2d6       100%        3
 Animate Dead             Necr           0%         N/A       100%        4
 Olgreb's Toxic Radiance  Pois           0%         N/A       100%        4
 Dispersal                Tloc           0%         N/A       100%        6
 Haunt                    Necr/Summ      0%         N/A       100%        7
 Ozocubu's Refrigeration  Ice            0%         4d5       100%        7
 Ignition                 Fire           0%         3d3       100%        8
 Infestation              Necr           0%         N/A       100%        8


Dungeon Overview and Level Annotations

Branches:
Dungeon (12/15)            Temple (1/1) D:4            Lair (1/6) D:11
    Orc (0/2) D:9

Altars:
Ashenzari
Cheibriados
Dithmenos
Elyvilon
Fedhas
Gozag
Hepliaklqana
Kikubaaqudgha
Makhleb
Nemelex Xobeh
Okawaru
Qazlal
Ru
Sif Muna
Trog
Uskayaw
Vehumet
Wu Jian
Xom
Yredelemnul
Zin
The Shining One

Annotations:
D:10 Psyche
Lair:1 exclusion: oklob plant


Innate Abilities, Weirdness & Mutations

Your life essence is reduced to manifest your ancestor. (-10% HP)
You have hoof-like feet.
A powerful demonic guardian rushes to your aid.
Your demonic aura sometimes causes spilled blood to erupt in flames.
You have an unusually large brain. (Int +2)
Armour fits poorly on your strangely shaped body.
You are weak. (Str -2)


Message History

* * * LOW HITPOINT WARNING * * *
The seven-headed hydra bites you but does no damage.
The seven-headed hydra bites you.
* * * LOW HITPOINT WARNING * * *
The seven-headed hydra bites you.
* * * LOW HITPOINT WARNING * * *
A demonic guardian appears!
A cane toad comes into view.
The cane toad croaks.
Your hell beast bites the seven-headed hydra!!
Your hell beast barely misses the seven-headed hydra.
The seven-headed hydra is engulfed in blazing flames.
The cane toad is attracted toward you.
Your hell beast bites the seven-headed hydra!
Your hell beast completely misses the seven-headed hydra.
The cane toad stings you.
* * * LOW HITPOINT WARNING * * *
Your hell beast bites the seven-headed hydra.
Your hell beast tramples the seven-headed hydra!
The seven-headed hydra holds its ground!
The seven-headed hydra is attracted toward you.
The seven-headed hydra bites your hell beast.
The seven-headed hydra bites your hell beast!
The seven-headed hydra bites your hell beast.
The seven-headed hydra barely misses your hell beast.
The seven-headed hydra bites your hell beast! x2
The seven-headed hydra bites your hell beast but does no damage.
Your hell beast bites the seven-headed hydra!
Your hell beast tramples the seven-headed hydra!
The seven-headed hydra holds its ground!
Okay, then.
Aiming: Corrosive Bolt
Press: ? - help, Q - select action, (/) - cycle Shift-Dir - straight line, f/p - seven-headed hydra
Aim: a seven-headed hydra (flame, almost dead, ally target, 91% to hit)
The bolt of acid misses the cane toad.
The bolt of acid hits the seven-headed hydra!!
You kill the seven-headed hydra!
You hear an angry hiss.
The cane toad stings you!
You die...

# . ## ### .# #.#
.####.###.# #.#
..........# #.# #
.###....#.######.#.####
............)....#....
.####...............#
## #...#####....#.#
#####..#....°§2F@..#
........(.####.....#
###.P.....# #....## #
##P..#..# #....# #
##.....# #....# #..#.).
#.../# #...... .....#
#P......####..P
#......(


You could see a cane toad and a friendly hell beast (summoned).

Vanquished Creatures
  Gastronok (D:11)
  Snorg (D:11)
  A hydra (Lair:1)
  3 two-headed ogres
  Erica (D:8)
  An ugly thing (D:12)
  A cyclops (D:12)
  Maggie (D:9)
  9 yaks (D:11)
  A wyvern (D:10)
  Menkaure (D:4)
  2 vampire mosquitoes (D:11)
  A steam dragon (D:7)
  4 water moccasins
  An orc warrior (D:7)
  A black bear (D:5)
  3 necrophages
  2 ogres
  6 centaurs
  A phantom (D:5)
  2 kobold brigands
  2 bullfrogs
  A gnoll sergeant (D:11)
  A water moccasin zombie (D:6)
  2 wyvern zombies
  3 scorpions
  A water moccasin skeleton (D:5)
  A wyvern skeleton (D:6)
  3 killer bees (D:9)
  6 wights
  3 howler monkeys
  A centaur zombie (D:9)
  A hound (D:7)
  2 jellies (D:6)
  2 bullfrog zombies
  2 gnoll shamans
  3 orc priests
  A bullfrog skeleton (D:5)
  A centaur skeleton (D:6)
  3 iguanas
  6 orc wizards
  A howler monkey zombie (D:6)
  7 adders
  11 gnolls
  An adder skeleton (D:4)
  2 worms (D:2)
  A dart slug (D:1)
  16 orcs
  4 endoplasms
  6 giant cockroaches
  5 goblins
  4 hobgoblins
  3 jackals
  11 kobolds
  A quokka (D:3)
  6 ball pythons
  5 bats
  5 rats
178 creatures vanquished.

Vanquished Creatures (collateral kills)
  3 two-headed ogres
  A centaur zombie (D:10)
  A gargoyle (D:11)
  A troll (D:9)
  A shadow (D:10)
  A wyvern (D:10)
  A yak (D:11)
  A vampire mosquito (D:11)
  An acid dragon (D:12)
  4 water moccasins
  An orc warrior (D:12)
  An ice beast (D:6)
  A black bear (D:11)
  A centaur (D:11)
  2 scorpions
  A killer bee (D:9)
  6 wights
  A howler monkey (D:9)
  An orc priest (D:12)
  A howler monkey zombie (D:9)
  4 gnolls
  5 orcs
  A hobgoblin (D:4)
  A jackal (D:3)
  2 kobolds (D:9)
44 creatures vanquished.

Vanquished Creatures (others)
  3 knights
  An ancestor (D:6)
  A quokka (D:6)
  17 fungi
  18 plants
40 creatures vanquished.

Grand Total: 262 creatures vanquished

Notes
Turn   | Place    | Note
-------+----------+-------------------------------------------
     0 | D:1      | cbfl8 the Demonspawn Gladiator began the quest for the Orb.
     0 | D:1      | Reached XP level 1. HP: 16/16 MP: 1/1
   381 | D:1      | Noticed an eye of devastation
   386 | D:1      | Gained mutation: You have large cloven feet. [demonic
                  | ancestry]
   386 | D:1      | Reached XP level 2. HP: 21/22 MP: 2/2
   397 | D:1      | Found a faded altar of an unknown god.
   398 | D:1      | Noticed a floating eye
   398 | D:1      | Noticed a golden eye
   398 | D:1      | Noticed a great orb of eyes
   987 | D:2      | Gained mutation: Your demonic aura sometimes causes spilled
                  | blood to erupt in flames. [demonic ancestry]
   987 | D:2      | Reached XP level 3. HP: 17/27 MP: 3/3
  1435 | D:2      | Found a snail-covered altar of Cheibriados.
  1543 | D:2      | Gained mutation: A weak demonic guardian rushes to your
                  | aid. [demonic ancestry]
  1543 | D:2      | Reached XP level 4. HP: 26/33 MP: 4/4
  2080 | D:3      | Reached skill level 1 in Armour
  2786 | D:3      | Found a radiant altar of Vehumet.
  2947 | D:3      | Gained mutation: You have hoof-like feet. [demonic
                  | ancestry]
  2947 | D:3      | Reached XP level 5. HP: 39/39 MP: 5/5
  4118 | D:4      | Noticed Menkaure
  4125 | D:4      | Killed Menkaure
  4126 | D:4      | Reached skill level 1 in Evocations
  4126 | D:4      | Reached XP level 6. HP: 13/46 MP: 6/6
  4501 | D:4      | Found a staircase to the Ecumenical Temple.
  4516 | Temple   | Entered the Ecumenical Temple
  4907 | Temple   | Became a worshipper of Hepliaklqana the Forgotten
  5082 | D:4      | Found a shimmering blue altar of Sif Muna.
  5082 | D:4      | Found a hide-covered altar of Uskayaw.
  5083 | D:4      | Found an ornate altar of the Wu Jian Council.
  5157 | D:4      | Found a snail-covered altar of Cheibriados.
  5378 | D:4      | Identified the +3 spear of the Destroying Pariah {drain,
                  | Fly}
  5423 | D:5      | Entered Level 5 of the Dungeon
  5648 | D:5      | Gained mutation: You have an unusually large brain. (Int
                  | +2) [demonic ancestry]
  5648 | D:5      | Reached XP level 7. HP: 40/51 MP: 7/7
  5694 | D:5      | Reached skill level 5 in Polearms
  5831 | D:5      | Reached skill level 1 in Stealth
  6121 | D:5      | Reached XP level 8. HP: 58/58 MP: 8/8
  6149 | D:5      | Reached * piety under Hepliaklqana
  6414 | D:5      | Reached skill level 5 in Armour
  7813 | D:6      | Reached ** piety under Hepliaklqana
  7814 | D:6      | Remembered your ancestor Macaronigrille as a knight
  8228 | D:7      | Gained mutation: A demonic guardian rushes to your aid.
                  | [demonic ancestry]
  8228 | D:7      | Reached XP level 9. HP: 48/59 MP: 9/9
  8301 | D:7      | Found an iron altar of Okawaru.
  8588 | D:7      | Noticed a two-headed ogre
  9341 | D:7      | Identified the +0 chain mail of Sacior {rPois}
  9966 | D:8      | Reached skill level 5 in Evocations
 10348 | D:8      | Reached skill level 5 in Fighting
 10516 | D:8      | HP: 1/49 [wight/+4 great sword (11)]
 10528 | D:8      | Reached skill level 1 in Axes
 10989 | D:8      | Noticed Erica
 11000 | D:8      | Killed Erica
 11088 | D:8      | Noticed a two-headed ogre
 11101 | D:8      | Killed a two-headed ogre
 11102 | D:8      | Gained mutation: A powerful demonic guardian rushes to your
                  | aid. [demonic ancestry]
 11102 | D:8      | Reached XP level 10. HP: 49/68 MP: 10/10
 11106 | D:8      | Killed a two-headed ogre
 11520 | D:8      | Found a bloodstained altar of Trog.
 11521 | D:8      | Found a burning altar of Makhleb.
 12126 | D:9      | Found an opulent altar of Gozag.
 12164 | D:9      | Reached *** piety under Hepliaklqana
 12224 | D:9      | Noticed Maggie
 12233 | D:9      | Killed Maggie
 12461 | D:9      | Noticed a two-headed ogre
 12468 | D:9      | Killed a two-headed ogre
 12697 | D:9      | Found a staircase to the Orcish Mines.
 13010 | D:10     | Entered Level 10 of the Dungeon
 13035 | D:10     | Noticed Psyche
 13706 | D:10     | Noticed a boulder beetle
 14039 | D:11     | Reached XP level 11. HP: 42/75 MP: 11/11
 14578 | D:11     | Noticed Snorg
 14584 | D:11     | Killed Snorg
 14626 | D:11     | Noticed Gastronok
 14644 | D:11     | Killed Gastronok
 14920 | D:11     | Found a staircase to the Lair.
 15073 | D:11     | Noticed a two-headed ogre
 15075 | D:11     | Reached **** piety under Hepliaklqana
 15082 | D:11     | Killed a two-headed ogre
 15893 | D:11     | Noticed a two-headed ogre
 15900 | D:11     | Killed a two-headed ogre
 15901 | D:11     | Reached skill level 5 in Axes
 17152 | D:12     | Noticed a red ugly thing
 17166 | D:12     | Killed a red ugly thing
 17428 | D:12     | Noticed a two-headed ogre
 17441 | D:12     | Killed a two-headed ogre
 17729 | Lair:1   | Entered Level 1 of the Lair of Beasts
 17743 | Lair:1   | Reached XP level 12. HP: 82/84 MP: 12/12
 17779 | Lair:1   | Found a blossoming altar of Fedhas.
 17887 | Lair:1   | Noticed a seven-headed hydra
 17898 | Lair:1   | Gained mutation: Armour fits poorly on your strangely
                  | shaped body. [potion of mutation]
 17898 | Lair:1   | Gained mutation: You are weak. (Str -2) [potion of
                  | mutation]
 17902 | Lair:1   | Killed a seven-headed hydra
 17902 | Lair:1   | Slain by a cane toad

Illustrated notes

Levels and vault maps discovered:
D:1:      wander_arrival_lonely_grave, layout_loops_ring,
          hellmonk_ecumenical_altar_watching_god, serial_forest,
          infiniplex_forest_lined_room_, infiniplex_forest_lined_3_way,
          infiniplex_forest_clump_curved, infiniplex_forest_end_2,
          infiniplex_forest_lined_2, infiniplex_forest_corner_2,
          infiniplex_forest_straight_1, infiniplex_forest_lined_room_3, hex_tiny
D:2:      wander_river, layout_loops_ring, basic_altar
D:3:      layout_basic, mainiacjoe_overflow_six_doors_small, moated_statue,
          kennysheep_generic_room_10
D:4:      layout_gridville, gammafunk_temple_overflow_claw, lemuel_tele_altar,
          minmay_temple_entry_waves, uniq_menkaure
D:5:      layout_cave_pools, minmay_misc_feat_diagonals
D:6:      layout_basic, elyvilon_altar_4
D:7:      layout_basic, okawaru_metal_pillars_1_2
D:8:      layout_rooms, nicolae_tso_carved_into_rock,
          mainiacjoe_overflow_divided_tiny, uniq_erica
D:9:      layout_grid_maze, mainiacjoe_overflow_alcove_4, orc_0_dummy,
          serial_glass, glass_columns_a, glass_columns_a, glass_columns_a,
          glass_columns_a, uniq_maggie
D:10:     layout_basic, enter_trove_3, feat_on_display, uniq_psyche
D:11:     layout_irregular_city, due_lair_maze_entry_diamond,
          chequers_arboretum, chequers_serial_rivers_large_b, uniq_snorg,
          uniq_gastronok
D:12:     layout_loops_corners, chequers_serial_rivers_room_b
Temple:   minmay_temple_curvy_loop
Lair:1:   layout_loops_ring, tgw_fedhas

Skill      XL: |  1  2  3  4  5  6  7  8  9 10 11 |
---------------+----------------------------------+-----
Throwing       | 2 |  2.0
Dodging        | 3 4 |  4.3
Polearms       | 3 4 5 6 7 8 9 |  9.3
Armour         | 1 3 4 5 7 8 9 |  9.7
Evocations     | 1 2 4 5 6 7 |  7.7
Fighting       | 3 4 5 7 8 |  8.3
Stealth        | 1 2 |  2.3
Axes           | 2 3 5 |  5.4

Action                   |  1- 3 |  4- 6 |  7- 9 | 10-12 || total
-------------------------+-------+-------+-------+-------++-------
Melee: Trident           |    84 |   123 |       |       ||   207
       Kick              |     9 |    32 |    94 |    23 ||   158
       Punch             |     1 |     1 |     4 |     6 ||    12
       Spear             |       |    21 |   249 |   337 ||   607
       Battleaxe         |       |       |    10 |       ||    10
       Unarmed           |       |       |       |     3 ||     3
Invok: Ancestor Life: Kn |       |       |     1 |       ||     1
       Ancestor Identity |       |       |     1 |       ||     1
       Recall Ancestor   |       |       |     1 |     1 ||     2
Evoke: Wand              |       |       |       |     1 ||     1
  Use: Scroll            |       |     7 |     5 |     1 ||    13
       Potion            |       |     3 |     1 |     4 ||     8
 Stab: Distracted        |       |       |       |     1 ||     1
Armor: Scale mail        |    33 |    51 |    51 |       ||   135
       Leather armour    |     1 |       |       |       ||     1
       Chain mail        |       |       |    51 |   173 ||   224
Dodge: Dodged            |    33 |    76 |   103 |   131 ||   343
